 Dungeon Crawl Stone Soup version 0.28.0 (webtiles) character file.

Game seed: 6913412755393071368

136 SnakkuSnakku7 the Skirmisher (level 5, -7/34 HPs)
             Began as a Tengu Enchanter on Feb 5, 2022.
             Was a Believer of Makhleb.
             Mangled by a wyvern (15 damage)
             ... on level 4 of the Dungeon.
             The game lasted 00:02:50 (2494 turns).

SnakkuSnakku7 the Skirmisher (Tengu Enchanter)      Turns: 2494, Time: 00:02:50

Health: -7/34      AC:  8    Str: 11    XL:     5   Next: 19%
Magic:  9/9        EV:  6    Int: 15    God:    Makhleb [**....]
Gold:   137        SH:  0    Dex: 14    Spells: 8/8 levels left

rFire   . . .      SeeInvis .   i - +0 dagger (elec)
rCold   . . .      Faith    .   (no shield)
rNeg    . . .      Spirit   .   o - +0 chain mail
rPois   .          Reflect  .   (helmet restricted)
rElec   .          Harm     .   (no cloak)
rCorr   .          Rampage  .   (no gloves)
Will    .....                   (boots unavailable)
Stlth   ..........              (no amulet)
HPRegen 0.11/turn               (no ring)
MPRegen 0.11/turn               (no ring)

@: flying quickly and evasively, quick
A: beak, talons 3, nimble flight
a: Renounce Religion, Minor Destruction


You were on level 4 of the Dungeon.
You worshipped Makhleb.
Makhleb was pleased with you.
You visited 1 branch of the dungeon, and saw 4 of its levels.

You collected 137 gold pieces.

Inventory:

Hand Weapons
 a - a +1 dagger
 i - a +0 dagger of electrocution (weapon)
Missiles
 e - 22 bolts
Armour
 b - a +0 robe
 n - a +0 leather armour
 o - a +0 chain mail (worn)
Scrolls
 f - a scroll of amnesia {unknown}
 h - a scroll of immolation {unknown}
 j - a scroll of identify {unknown}
 m - a scroll of fog
 q - a scroll of torment {unknown}
Potions
 c - a potion of invisibility
 d - 2 potions of heal wounds {unknown}
 g - a potion of brilliance {unknown}
 k - a potion of berserk rage {unknown}
 l - 2 potions of mutation {unknown}
 p - a potion of ambrosia {unknown}


   Skills:
 + Level 4.7 Fighting
 - Level 1.1 Short Blades
 - Level 2.1 Dodging
 - Level 3.0 Stealth
 - Level 2.0 Spellcasting
 - Level 2.1 Hexes


You had 8 spell levels left.
You didn't know any spells.
Your spell library contained the following spells:

 Spells                   Type           Power      Damage    Failure   Level
 Summon Small Mammal      Summ           4%         N/A       100%        1
 Ensorcelled Hibernation  Hex/Ice        8%         N/A       100%        2
 Call Canine Familiar     Summ           1%         N/A       100%        3
 Confusing Touch          Hex            8%         N/A       100%        3
 Dazzling Flash           Conj/Hex       8%         N/A       100%        3
 Summon Guardian Golem    Hex/Summ       4%         N/A       100%        3
 Tukima's Dance           Hex            8%         N/A       100%        3


Dungeon Overview and Level Annotations

Branches:
Dungeon (4/15)
 Temple: D:4-7

Altars:
Gozag
Makhleb


Innate Abilities, Weirdness & Mutations

You have a beak for a mouth.
You have claws for feet.
Your magical nature lets you fly swiftly and evasively.


Message History

The hobgoblin is severely wounded.
The hobgoblin hits you but does no damage.
You hit the hobgoblin. Your kick misses the hobgoblin. You peck the hobgoblin.
You kill the hobgoblin!
Makhleb accepts your kill.
Found a leather armour.
You see here 16 stones.
p - a smoky dark potion
There is an open door here.
You now have 123 gold pieces (gained 10).
q - a scroll labelled OXIYDI KAMAOST You now have 137 gold pieces (gained 14).
Done exploring.
Done exploring.
(D) Dungeon
Where to? (Enter - D:3 @ (x,y), ? - help)
There is a stone staircase leading up here.
There is a stone staircase leading down here.
You fly downwards.
Found 19 gold pieces.
There is a stone staircase leading up here.
As you read the scroll labelled IFFICR BERIA, it crumbles to dust.
The scroll dissolves into smoke.
It was a scroll of fog.
Unknown command.
A wyvern comes into view.
Found a club.
The wyvern bites you.
A wyvern is nearby!
A wyvern is nearby!
You hit the wyvern. You claw the wyvern.
The wyvern is moderately wounded.
The wyvern closely misses you.
You closely miss the wyvern. You claw the wyvern.
The wyvern is heavily wounded.
The wyvern bites you.
You hit the wyvern but do no damage. You claw the wyvern, but do no damage.
The wyvern is heavily wounded.
The wyvern bites you!
* * * LOW HITPOINT WARNING * * *
The wyvern bites you!
You die...

########§§.....
.....§§§#
#######§# #§#
#.# #.# #.#
#####
##.#).....
#.@l......
#..#.#####
.......#
###.#...=. #.
#..##. #. ..# .
.. ... +# .#.


You could see a wyvern.

Vanquished Creatures
  A gnoll (D:2)
  6 adders
  A shadow imp (D:3)
  2 dart slugs (D:3)
  5 ball pythons
  12 endoplasms
  2 giant cockroaches
  2 goblins (D:2)
  5 hobgoblins
  2 jackals (D:2)
  2 quokkas (D:2)
  4 bats
  2 frilled lizards
  8 kobolds
  5 rats
59 creatures vanquished.

Notes
Turn   | Place    | Note
-------+----------+-------------------------------------------
     0 | D:1      | SnakkuSnakku7 the Tengu Enchanter began the quest for the
                  | Orb.
     0 | D:1      | Reached XP level 1. HP: 10/10 MP: 4/4
   112 | D:1      | Reached skill level 1 in Fighting
   149 | D:1      | Found a faded altar of an unknown god.
   170 | D:1      | Prayed at the altar of an unknown god.
   170 | D:1      | Became a worshipper of Makhleb the Destroyer
   170 | D:1      | Reached * piety under Makhleb
   221 | D:1      | Reached XP level 2. HP: 16/16 MP: 6/6
   405 | D:1      | Reached skill level 2 in Fighting
   644 | D:2      | Reached XP level 3. HP: 20/22 MP: 7/7
   724 | D:2      | Reached ** piety under Makhleb
   930 | D:2      | Found an opulent altar of Gozag.
   973 | D:2      | Reached skill level 3 in Fighting
  1430 | D:2      | Reached XP level 4. HP: 22/28 MP: 8/8
  1664 | D:3      | Reached skill level 4 in Fighting
  2148 | D:3      | Gained mutation: Your magical nature lets you fly swiftly
                  | and evasively. [Tengu growth]
  2148 | D:3      | Reached XP level 5. HP: 29/34 MP: 9/9
  2491 | D:4      | Noticed a wyvern
  2494 | D:4      | Mangled by a wyvern

Illustrated notes

Levels and vault maps discovered:
D:1:      dpeg_arrival_concentric_ovals, layout_loops_ring,
          basic_ecumenical_altar
D:2:      layout_basic, basic_altar, minivault_27, minmay_pentomino_r2
D:3:      minmay_wonky_spiral, layout_basic, minivault_26
D:4:      layout_loops_ring, kennysheep_big_empty_room,
          nicolae_shop_firing_range, uniq_edmund

Skill      XL: |  1  2  3  4 |
---------------+-------------+-----
Fighting       | 1 2 3 4 |  4.7
Short Blades   | |  1.1
Dodging        | |  2.1
Stealth        | |  3.0
Spellcasting   | |  2.0
Hexes          | |  2.1

Action                   |  1- 3 |  4- 6 || total
-------------------------+-------+-------++-------
Melee: Dagger            |    90 |    63 ||   153
       Kick              |    20 |    15 ||    35
       Peck              |    11 |    13 ||    24
       Punch             |       |     1 ||     1
  Use: Scroll            |       |     1 ||     1
 Stab: Sleeping          |     8 |     5 ||    13
Armor: Robe              |    17 |     5 ||    22
       Chain mail        |       |    13 ||    13
       Leather armour    |       |     4 ||     4
Dodge: Dodged            |    47 |    29 ||    76
